Map: 16-Bit LE

Players

Expect

  • Race: Terran Terran
  • Spawn Location: 7:00

uThermal - Winner!

  • Race: Terran Terran
  • Spawn Location: 1:00

Event: WCS Austin 2018

VOD

Have the link to the VOD?

Description

Time

  • Played on: June 2, 2018, 12:01 a.m.
  • Length: 11:42

All games in this series

Show
View Real Time Build Order
Export as new Build Order

Expect Terran 

Build Orders: Gas First Reaper Expand, Liberator Opening, Reaper Expand, MMM Bio 

Get SALT Encoding   

  12  0:01  SCV  
  13  0:13  SCV  
  14  0:18  Supply Depot  
  14  0:25  SCV  
  15  0:29  Refinery  
  15  0:40  SCV  
  16  0:46  Barracks  
  16  0:52  SCV  
  17  1:04  SCV  
  18  1:17  SCV  
  19  1:33  Orbital Command  
  19  1:34  Reaper  
  20  1:45  Command Center  
  20  1:56  Factory  
  20  2:00  SCV  
  21  2:08  Reaper  
  22  2:14  SCV  
  23  2:17  Refinery  
  23  2:21  Supply Depot  
  23  2:43  SCV  
  24  2:44  Starport  
  24  2:45  Hellion  
  26  2:55  SCV  
  26  2:56  Barracks Reactor  
  26  3:01  Orbital Command  
  26  3:07  SCV  
  26  3:12  Liberator  
  27  3:20  Hellion  
  27  3:22  SCV  
  27  3:40  SCV  
  22  3:55  SCV  
  22  3:56  SCV  
  22  3:58  Marine x2  
  22  3:59  Factory Tech Lab  
  26  4:08  SCV  
  26  4:18  Marine x2  
  26  4:20  SCV x2  
  30  4:31  Siege Tank  
  33  4:32  SCV x2  
  35  4:44  SCV  
  35  4:46  SCV  
  35  4:49  Marine x2, Command Center  
  38  4:53  Starport Tech Lab  
  38  4:58  Supply Depot  
  38  4:59  SCV  
  39  5:05  SCV  
  40  5:11  SCV  
  38  5:17  SCV  
  38  5:18  Starport Reactor  
  38  5:20  Barracks x2  
  39  5:24  Marine  
  39  5:26  Stimpack  
  40  5:29  SCV x2  
  40  5:34  Siege Tank  
  45  5:41  SCV x2  
  47  5:46  Marine  
  48  5:53  SCV x2  
  48  5:55  Supply Depot  
  50  6:02  Orbital Command  
  50  6:04  Starport Reactor  
  50  6:05  Marine  
  50  6:07  Siege Tank  
  54  6:12  SCV x2  
  54  6:16  Refinery  
  54  6:17  Refinery  
  54  6:18  Marine x2  
  56  6:25  SCV x2  
  60  6:30  Engineering Bay x2, Orbital Command  
  60  6:33  Marine x3  
  60  6:37  SCV  
  64  6:44  Marine x2  
  70  6:50  Viking x2  
  70  6:51  SCV  
  70  6:53  SCV  
  72  6:58  SCV  
  73  7:04  SCV, Marine x2  
  73  7:05  SCV  
  73  7:08  Marine x2  
  77  7:10  SCV  
  77  7:11  Siege Tank  
  76  7:16  SCV  
  76  7:18  Supply Depot  
  75  7:39  SCV x2, Marine  
  77  7:44  SCV  
  77  7:55  Refinery  
  77  7:57  Terran Infantry Weapons Level 1, Terran Infantry Armor Level 1  
  77  7:59  Supply Depot  
  77  8:00  SCV x3  
  77  8:01  Supply Depot  
  80  8:06  Combat Shield  
  80  8:12  SCV x3  
  83  8:21  Viking x2  
  83  8:24  SCV x3  
  88  8:34  Supply Depot  
  88  8:35  Barracks  
  88  8:36  SCV x3, Barracks  
  88  8:39  Liberator x2  
  90  8:46  Refinery  
  90  8:47  Refinery  
  90  8:48  SCV x3  
  90  8:49  Marine x5  
  90  8:51  Siege Tank  
  101  9:01  SCV x2  
  109  9:11  Starport  
  109  9:12  Starport  
  109  9:13  Armory  
  109  9:20  Supply Depot  
  109  9:21  Supply Depot  
  109  9:24  Barracks Reactor  
  109  9:30  Command Center  
  109  9:31  Supply Depot, SCV x3, Marine  
  109  9:35  Barracks Tech Lab  
  113  9:43  SCV x3  
  115  9:51  Starport Tech Lab  
  115  9:52  Starport Tech Lab, Viking x2  
  117  9:55  SCV  
  113  10:00  SCV x2  
  113  10:04  Siege Tank, Marine x3  
  113  10:05  Marauder, Marine  
  113  10:06  Marauder  
  126  10:07  SCV, Marine x2  
  128  10:23  Raven x2, Corvid Reactor  
  128  10:25  Viking x2  
  135  10:38  Marine  
  135  10:42  Marauder x2, Marine x4  
  137  10:57  Missile Turret  
  137  10:58  Refinery, Marine x2  
  137  10:59  Marine  
  137  11:03  Marauder  
  137  11:04  Marauder  
  139  11:08  Viking x2  
  139  11:11  Sensor Tower, Refinery  
  147  11:23  Marine x4  
  147  11:24  Supply Depot  
Show
View Real Time Build Order
Export as new Build Order

uThermal Terran - Winner!

Build Orders: Cyclone Opening, Gas First Reaper Expand, Reaper Expand, Mech 

Get SALT Encoding   

  12  0:01  SCV  
  13  0:13  SCV  
  14  0:18  Supply Depot  
  14  0:25  SCV  
  14  0:28  Refinery  
  15  0:39  SCV  
  16  0:45  Barracks  
  16  0:51  SCV  
  17  1:04  SCV  
  18  1:16  SCV  
  19  1:32  Reaper  
  19  1:33  Orbital Command  
  20  1:48  Command Center  
  20  1:59  SCV  
  21  2:04  Factory  
  21  2:07  Reaper  
  22  2:11  SCV  
  22  2:17  Supply Depot  
  22  2:20  Refinery  
  22  2:23  SCV  
  23  2:39  SCV, Barracks Reactor  
  24  2:51  SCV  
  25  2:55  Cyclone  
  28  2:59  Orbital Command  
  28  3:03  SCV  
  29  3:15  SCV  
  29  3:27  SCV  
  29  3:30  SCV  
  30  3:35  Cyclone x2  
  30  3:40  SCV  
  37  3:46  SCV  
  37  3:52  SCV  
  37  3:57  Command Center  
  37  4:01  SCV  
  38  4:04  SCV  
  42  4:10  Cyclone  
  42  4:13  Supply Depot  
  42  4:14  SCV  
  43  4:21  Cyclone  
  46  4:35  SCV x2  
  46  4:37  Refinery  
  46  4:38  Refinery  
  48  4:39  Supply Depot  
  47  4:47  SCV x2  
  47  4:49  Barracks Tech Lab  
  47  4:51  Factory  
  49  4:58  Cyclone  
  49  4:59  SCV x2  
  50  5:08  Cyclone  
  50  5:11  SCV x2  
  54  5:14  Orbital Command  
  54  5:23  SCV x2  
  54  5:26  Starport  
  54  5:28  Barracks Reactor  
  57  5:35  SCV  
  57  5:37  SCV  
  57  5:42  Siege Tank  
  61  5:47  Orbital Command, SCV, Hellion  
  61  5:49  Hellion  
  67  5:50  SCV  
  67  5:57  Supply Depot  
  67  5:59  SCV  
  67  6:02  SCV  
  69  6:08  Medivac  
  69  6:09  Hellion, Medivac  
  69  6:10  Hellion  
  77  6:17  Supply Depot  
  77  6:18  SCV x2  
  77  6:19  Engineering Bay  
  77  6:21  SCV  
  80  6:28  Siege Tank  
  80  6:30  SCV x2  
  85  6:33  Supply Depot  
  85  6:39  SCV, Hellion x2  
  90  6:43  SCV  
  91  6:48  Missile Turret  
  91  6:50  Missile Turret, SCV  
  91  6:51  SCV  
  91  6:53  Supply Depot  
  93  6:55  SCV  
  93  6:58  Viking  
  93  6:59  Viking  
  98  7:02  Supply Depot  
  98  7:05  SCV  
  99  7:10  Hellion  
  99  7:15  Siege Tank, Barracks Tech Lab  
  104  7:17  Supply Depot, SCV x2, Factory  
  106  7:25  SCV  
  106  7:28  Hellion  
  106  7:29  SCV  
  110  7:33  SCV  
  109  7:40  Armory, Refinery, SCV  
  109  7:41  Armory, Refinery, Supply Depot  
  109  7:42  Supply Depot  
  104  7:46  Viking x2  
  104  7:47  SCV x2  
  110  7:51  Infernal Pre-Igniter  
  110  7:52  SCV  
  110  7:56  Siege Tank  
  110  7:58  Hellion  
  116  7:59  SCV x2  
  116  8:05  Supply Depot, SCV  
  119  8:10  Siege Tank  
  119  8:11  SCV  
  119  8:12  Supply Depot, SCV  
  124  8:16  Viking x2  
  128  8:21  Supply Depot  
  128  8:24  Hellion x2  
  132  8:29  Terran Vehicle Weapons Level 1  
  132  8:30  Terran Vehicle And Ship Armor Level 1  
  132  8:41  Factory  
  132  8:42  Siege Tank, Factory  
  132  8:43  Siege Tank  
  132  8:48  Supply Depot  
  138  8:49  Medivac  
  140  8:57  Hellion x2  
  144  9:02  Medivac  
  144  9:08  Missile Turret  
  144  9:09  Command Center  
  146  9:10  Missile Turret  
  146  9:12  Missile Turret  
  146  9:14  Siege Tank, Missile Turret  
  146  9:15  Smart Servos  
  149  9:19  Siege Tank  
  149  9:21  Supply Depot, Hellion  
  149  9:24  Hellion  
  156  9:26  Factory Reactor, Factory Tech Lab  
  158  9:39  Supply Depot  
  158  9:40  Supply Depot  
  158  9:42  Hellion  
  158  9:45  Hellion  
  166  9:47  Hellion  
  165  9:54  Thor  
  163  10:02  Thor  
  163  10:04  Hellion x2  
  163  10:05  Hellion  
  163  10:06  Hellion, Viking x2  
  181  10:15  SCV  
  181  10:16  SCV  
  181  10:19  Siege Tank  
  186  10:26  SCV  
  187  10:29  Refinery, Hellion  
  187  10:30  Hellion  
  187  10:33  Refinery  
  191  10:36  Viking  
  191  10:42  Siege Tank, Hellion  
  188  10:43  Hellion  
  188  10:46  Viking  
  190  10:55  SCV  
  189  11:02  Orbital Command  
  189  11:03  SCV x2  
  195  11:07  SCV  
  196  11:11  Viking  
  196  11:12  Starport x2  
Tags
 
Add a new tag
Caveats
  • Supply blocks, unpowered buildings, or Contaminate may cause inaccurate times.
  • Supply counts are checked every 10 seconds.